 Dungeon Crawl Stone Soup version 0.24.1-14-gf8d2b509d9 (webtiles) character file.

Game seed: 5311389270666619276, levelgen mode: deterministic

418266 nightchill the Slayer (level 24, -18/170 HPs)
             Began as a Kobold Berserker on May 27, 2020.
             Was a High Priest of Trog.
             Killed from afar by a lich (56 damage)
             ... with a bolt of acid
             ... on level 3 of the Depths on May 28, 2020.
             The game lasted 06:21:13 (74273 turns).

nightchill the Slayer (Kobold Berserker)           Turns: 74273, Time: 06:21:13

Health: -18/170    AC: 21    Str: 30    XL:     24   Next: 80%
Magic:  37/37      EV: 24    Int: 13    God:    Trog [*****.]
Gold:   1852       SH:  9    Dex: 17    Spells: 23/23 levels left

rFire    + + .     SeeInvis +   s - +5 eudemon blade (holy)
rCold    . . .     Gourm    .   S - +2 buckler of Responsibility {+Inv rPois Slay+3}
rNeg     . . .     Faith    .   G - +0 storm dragon scales
rPois    +         Spirit   .   V - +2 hat {SInv}
rElec    +         Reflect  .   D - scarf {rC+ rF+}
rCorr    .         Harm     .   o - +2 pair of gloves {archery}
MR       ++++.                  e - +0 pair of boots of Foddag {rF+}
Stlth    ..........             E - amulet of the acrobat
HPRegen  1.38/turn              X - ring "Piqoug" {+Blink rC- Str+7 Int+5 SInv}
MPRegen  0.25/turn              N - ring of protection from magic

@: very slightly contaminated, regenerating, drained, invisible
A: small, carnivore
}: 2/15 runes: decaying, gossamer
a: Berserk, Trog's Hand, Brothers in Arms, Renounce Religion, Evoke Blink


You were on level 3 of the Depths.
You worshipped Trog.
Trog was extremely pleased with you.
You were very hungry.

You visited 9 branches of the dungeon, and saw 42 of its levels.

You collected 4583 gold pieces.
You spent 2731 gold pieces at shops.

Inventory:

Hand Weapons
 a - a +6 hand crossbow of freezing
 b - a +2 rapier of electrocution
 h - a +8 demon blade of flaming
 s - a +5 eudemon blade of holy wrath (weapon)
 A - a +2 antimagic rapier
Missiles
 d - 5 throwing nets
 z - 8 curare-tipped darts (quivered)
 P - 1491 bolts
Armour
 e - the +0 pair of boots of Foddag (worn) {rF+}
   (You bought it in a shop on level 2 of the Orcish Mines)

   It protects you from fire.
 o - a +2 pair of gloves of archery (worn)
 D - a scarf of resistance (worn)
 G - +0 storm dragon scales (worn)
 S - the +2 buckler of Responsibility (worn) {+Inv rPois Slay+3}
   (You found it on level 13 of the Dungeon)

   It affects your accuracy and damage with ranged weapons and melee attacks
   (+3).
   It protects you from poison.
   It lets you turn invisible.
 V - a +2 hat of see invisible (worn)
Jewellery
 u - an uncursed ring of protection from cold
 E - an amulet of the acrobat (around neck)
 M - an uncursed ring of resist corrosion
 N - a ring of protection from magic (right hand)
 X - the ring "Piqoug" (left hand) {+Blink rC- Str+7 Int+5 SInv}
   (You bought it in a shop on level 6 of the Dungeon)

   [ring of intelligence]

   It affects your strength (+7).
   It affects your intelligence (+5).
   It makes you vulnerable to cold.
   It lets you see invisible.
   It lets you blink.
 Y - an uncursed ring of ice
Wands
 q - a wand of paralysis (15)
 y - a wand of disintegration (13)
 F - a wand of polymorph (15)
 J - a wand of acid (21)
 O - a wand of iceblast (20)
 U - a wand of digging (7)
 Z - a wand of clouds (10)
Scrolls
 k - 25 scrolls of teleportation
 m - 24 scrolls of remove curse
 r - 4 scrolls of blinking
 v - 4 scrolls of magic mapping
 w - 2 scrolls of silence
 B - 6 scrolls of identify
 H - 8 scrolls of fog
 K - 2 scrolls of vulnerability
 L - 2 scrolls of summoning
 R - 3 scrolls of fear
Potions
 g - 19 potions of curing
 i - 5 potions of heal wounds
 j - 3 potions of might
 p - 9 potions of flight
 t - 3 potions of cancellation
 x - 6 potions of haste
 Q - a potion of resistance
 T - 4 potions of agility
 W - 4 potions of invisibility
Miscellaneous
 f - a fan of gales
 l - a phial of floods
 n - a sack of spiders
 C - a lightning rod (inert)
Comestibles
 c - 79 rations
 I - 5 chunks of flesh


   Skills:
 * Level 22.9(21.6) Fighting
 - Level 14.0(16.7) Short Blades
 - Level 12.9 Long Blades
 - Level 10.1(9.1) Crossbows
 + Level 12.0(10.9) Armour
 + Level 19.3(18.1) Dodging
 - Level 7.1(6.2) Shields
 - Level 20.0(18.7) Evocations


You had 23 spell levels left.
You didn't know any spells.
Your spell library contained the following spells:

 Spells                   Type           Power        Failure   Level  Hunger
 Beastly Appendage        Tmut           #.....       75%         1    ##.....
 Freeze                   Ice            #...         75%         1    ##.....
 Summon Small Mammal      Summ           #...         75%         1    ##.....
 Call Imp                 Summ           #.......     87%         2    ###....
 Corpse Rot               Necr           N/A          87%         2    ###....
 Passwall                 Tmut/Erth      #.......     87%         2    ###....
 Sticks to Snakes         Tmut           #.......     87%         2    ###....
 Swiftness                Chrm/Air       #.......     87%         2    ###....
 Throw Frost              Conj/Ice       #.....       87%         2    ###....
 Call Canine Familiar     Summ           #.......     98%         3    ####...
 Inner Flame              Hex/Fire       #.......     98%         3    ####...
 Ozocubu's Armour         Chrm/Ice       #.......     98%         3    ####...
 Recall                   Summ/Tloc      N/A          98%         3    ####...
 Spider Form              Tmut/Pois      #.........   98%         3    ####...
 Stone Arrow              Conj/Erth      #.....       98%         3    ####...
 Summon Guardian Golem    Hex/Summ       #.......     98%         3    ####...
 Animate Dead             Necr           N/A          100%        4    #####..
 Cause Fear               Hex            #.........   100%        4    #####..
 Ice Form                 Ice/Tmut       #.......     100%        4    #####..
 Leda's Liquefaction      Hex/Erth       #.........   100%        4    #####..
 Passage of Golubria      Tloc           N/A          100%        4    #####..
 Summon Ice Beast         Ice/Summ       #.......     100%        4    #####..
 Summon Lightning Spire   Summ/Air       #.......     100%        4    #####..
 Throw Icicle             Conj/Ice       #.......     100%        4    #####..
 Blade Hands              Tmut           #.........   100%        5    ######.
 Borgnjor's Vile Clutch   Necr/Erth      #.........   100%        5    ######.
 Lee's Rapid Deconstruct  Erth           #.........   100%        5    ######.
 Lightning Bolt           Conj/Air       #.........   100%        5    ######.
 Summon Forest            Summ/Tloc      #.........   100%        5    ######.
 Darkness                 Hex            #.........   100%        6    #######
 Death Channel            Necr           #.........   100%        6    #######
 Hydra Form               Tmut           #.........   100%        6    #######
 Invisibility             Hex            #.......     100%        6    #######
 Simulacrum               Ice/Necr       #.........   100%        6    #######
 Summon Hydra             Summ           #.........   100%        7    #######


Dungeon Overview and Level Annotations

Branches:
Dungeon (15/15)            Temple (1/1) D:7            Lair (6/6) D:11
  Swamp (4/4) Lair:3       Spider (4/4) Lair:3        Slime (0/5) Lair:6
    Orc (2/2) D:12            Elf (3/3) Orc:2        Vaults (4/5) D:14
  Crypt (0/3) Vaults:3     Depths (3/5) D:15

Altars:
Ashenzari
Cheibriados
Dithmenos
Elyvilon
Fedhas
Gozag
Hepliaklqana
Kikubaaqudgha
Makhleb
Nemelex Xobeh
Okawaru
Qazlal
Ru
Sif Muna
Trog
Uskayaw
Vehumet
Wu Jian
Xom
Yredelemnul
Zin
The Shining One
Jiyva

Shops:
D:6 =%[(!   D:7 ?   D:13 !   Orc:2 ?([[   Elf:2 :   Vaults:1 (   Vaults:2 ?%
Depths:2 (   Depths:3 *

Portals:
Hell: Lair:6 Depths:1 Depths:2 Depths:3
Abyss: Depths:2

Annotations:
D:10 1 exclusion
D:15 1 exclusion
Lair:1 1 exclusion
Lair:2 exclusion: downstairs
Lair:3 exclusion: downstairs
Lair:4 exclusion: downstairs
Lair:6 3 runed translucent doors, 1 exclusion, SatoMori's ghost, journeyman DsFi
Swamp:2 exclusions: downstairs and 1 more exclusion
Orc:1 3 runed translucent doors, Ciata's ghost, journeyman MiBe; Riraiwk's ghost, journeyman TrHu; yogakurto's ghost, journeyman MiCK
Elf:1 exclusion: downstairs
Elf:2 3 runed translucent doors, exclusions: 3 doors and 1 more exclusion
Vaults:1 exclusions: 2 downstairs and 2 more exclusions
Vaults:2 1 runed translucent door, Zucefay's ghost, adept GrHu
Vaults:4 exclusion: 3 downstairs
Vaults:5 !vault 5!!!
Depths:1 exclusions: door, downstairs and 1 more exclusion
Depths:3 exclusion: 2 doors


Innate Abilities, Weirdness & Mutations

You are small and have problems with some larger weapons.
You are carnivorous and can eat meat at any time.


Message History

You are starving!
Eat one of 6 chunks of flesh? (ye/n/q)
You eat one of the 6 chunks of flesh.
This raw flesh tastes great.
You are feeling very hungry.
Press: ? - help, v - describe, . - travel
Here: a lich The floor.
Unknown command.
You feel much better.
You hit the lich but do no damage. You slash the lich!
The lich convulses!
The lich is moderately damaged.
The yaktaur captain shoots a bolt.
The bolt hits the lich!!
The lich gestures at you while chanting.
The crystal spear hits you!!!
* * * LOW HITPOINT WARNING * * *
You feel much better.
The lich gestures at you while chanting.
The bolt of acid hits you!!!
You die...

#........ ...
.... #...
....... ...
#........# ..#
#........# #.#
.........#
##..#
#........###@#
#cCL.....##L##
#........#.##
#........c##
#......(.##
#.......(#
#........#
##########


You could see a lich and a yaktaur captain.

Vanquished Creatures
  Mennas (Vaults:2)
  2 juggernauts (Depths:2)
  the Enchantress (Depths:2)
  2 golden dragons
  A bone dragon (Vaults:3)
  Arachne (Spider:4)
  A lich (Depths:3)
  A Tzitzimitl (Depths:3)
  A tentacled monstrosity (Depths:1)
  Gastronok (Lair:1)
  4 sphinxes
  2 thorn hunters (Swamp:3)
  A shadow dragon (Depths:3)
  2 tengu reavers
  4 fire giants
  An azure jelly (Swamp:4)
  A storm dragon (Vaults:4)
  4 ghost moths
  3 emperor scorpions (Spider:4)
  12 vault wardens
  7 frost giants
  2 iron dragons (Depths:2)
  4 spriggan defenders
  15 stone giants
  3 vampire knights
  10 ironheart preservers
  16 very ugly things
  4 deep elf demonologists
  6 entropy weavers
  Azrael (D:14)
  A spark wasp (Spider:3)
  2 deep elf annihilators
  3 jiangshi
  5 fire dragons
  2 deep elf death magi
  6 ettins
  20 ogre magi
  A merfolk javelineer (Depths:2)
  5 great orbs of eyes
  Erolcha (Orc:1)
  8 ice dragons
  4 rakshasas
  6 vault guards
  2 ghost crabs
  11 yaktaur captains
  17 hydras
  A shambling mangrove (Swamp:2)
  7 spriggan air magi (Depths:2)
  66 two-headed ogres
  6 dancing weapons
  11 centaur warriors
  A death knight (Vaults:3)
  9 alligators
  A queen ant (Spider:2)
  8 deep troll shamans
  12 death yaks
  3 tengu warriors
  4 deep troll earth magi
  4 vampire magi
  3 spriggan berserkers (Depths:2)
  13 deep elf knights
  5 iron trolls (Depths:2)
  A sixfirhy (Lair:6)
  3 shadow demons (Depths:3)
  A fire crab (shapeshifter) (Elf:2)
  A storm dragon skeleton (Vaults:2)
  An unseen horror (shapeshifter) (Vaults:4)
  7 unseen horrors
  15 deep trolls
  5 shadow wraiths
  2 wizards
  9 deep elf archers
  2 spriggan druids
  4 flayed ghosts
  Pikel (D:7)
  A swamp dragon (Swamp:4)
  A necromancer (Vaults:2)
  3 phantasmal warriors
  32 deep elf magi
  14 ironbrand convokers
  6 orc knights
  14 orb spiders
  4 harpies (Vaults:1)
  4 cyclopes
  32 wolf spiders
  43 ugly things
  3 orc sorcerers
  A frost giant zombie (Vaults:2)
  A salamander (shapeshifter) (Vaults:1)
  3 moths of wrath
  A manticore (D:13)
  A fire giant skeleton (Vaults:2)
  14 elephants
  7 black mambas
  3 centaur zombies
  4 orange demons (Lair:6)
  15 vault sentinels
  A gargoyle (D:13)
  4 molten gargoyles (D:10)
  A torpor snail (Spider:3)
  3 centaur skeletons
  6 rime drakes (Lair:6)
  9 freezing wraiths
  7 komodo dragons
  19 spiny frogs
  An ice devil (Lair:6)
  A komodo dragon (shapeshifter) (Vaults:4)
  A redback zombie (D:15)
  A queen bee (shapeshifter) (Depths:2)
  43 yaktaurs
  16 demonic crawlers
  A red devil (Lair:6)
  A queen bee (Lair:2)
  5 tengu conjurers
  7 trolls
  11 tyrant leeches
  33 jumping spiders
  2 polar bears
  20 hornets
  Prince Ribbit (D:7)
  15 blink frogs
  A hippogriff (shapeshifter) (Vaults:4)
  10 hippogriffs
  50 slime creatures
  5 bog bodies
  An air elemental (Elf:2)
  84 redbacks
  Sigmund (D:5)
  A redback (shapeshifter) (Depths:3)
  8 shadows
  A wraith (D:14)
  8 large abominations (Depths:2)
  A water elemental (D:14)
  11 spriggans
  3 vampires
  21 tarantellas
  3 wyverns
  A fire elemental (Elf:2)
  23 yaks
  5 basilisks
  2 chaos spawn (Depths:2)
  A steam dragon (shapeshifter) (Depths:2)
  2 hungry ghosts
  7 swamp worm simulacra (Swamp:4)
  24 swamp worms
  17 vampire mosquitoes
  4 small abominations (Depths:2)
  Edmund (D:5)
  A soldier ant (shapeshifter) (Vaults:3)
  6 wargs
  26 soldier ants
  An acid dragon (D:15)
  18 insubstantial wisps
  15 hydra simulacra (Swamp:4)
  A floating eye (Depths:2)
  8 porcupines
  24 water moccasins
  Duvessa (D:4)
  9 hell hounds
  3 black bears
  20 orc warriors
  An ettin simulacrum (Vaults:3)
  3 ice beasts
  3 sky beasts
  2 eyes of draining
  6 swamp drakes
  11 wolves
  51 ogres
  11 centaurs
  9 boggarts
  10 crocodiles
  2 big kobolds
  A big kobold (shapeshifter) (Depths:2)
  14 bullfrogs
  3 earth elementals
  Dowan (D:4)
  2 wyvern zombies (D:12)
  3 scorpions
  37 killer bees
  9 wights
  4 electric eels
  9 howler monkeys
  A bullfrog zombie (D:12)
  11 crimson imps
  2 human simulacra (Vaults:2)
  A quasit (D:5)
  Crazy Yiuf (D:7)
  5 jellies
  A gnoll shaman (D:5)
  17 orc priests
  9 hounds
  17 orc wizards
  3 bullfrog skeletons
  An iguana (D:8)
  Ijyb (D:5)
  31 worker ants
  A killer bee zombie (D:8)
  2 bullfrog simulacra (D:13)
  A hound zombie (D:8)
  A hound skeleton (D:5)
  A worker ant zombie (D:10)
  A howler monkey skeleton (D:4)
  Robin (D:4)
  9 gnolls
  14 adders
  A shadow imp (D:6)
  3 white imps (D:13)
  An ooze (D:2)
  A swamp drake simulacrum (Swamp:4)
  2 adder zombies
  An adder skeleton (D:9)
  5 worms
  3 dart slugs
  3 leopard geckos
  68 orcs
  7 bats
  5 giant cockroaches
  10 goblins
  11 hobgoblins
  11 jackals
  16 kobolds
  3 quokkas
  5 frilled lizards
  A leopard gecko skeleton (D:4)
  A quokka skeleton (D:4)
  A quokka zombie (D:10)
  5 rats
  A fungus (Lair:6)
1748 creatures vanquished.

Vanquished Creatures (collateral kills)
  An azure jelly (Spider:4)
  A vault warden (Vaults:3)
  Aizul (Vaults:2)
  Harold (D:7)
  2 shambling mangroves (Swamp:2)
  3 death yaks (D:11)
  A death knight (Vaults:3)
  A vault sentinel (Vaults:3)
  A demonic crawler (Spider:2)
  A hornet (Swamp:2)
  A tyrant leech (Swamp:2)
  2 redbacks (Spider:2)
  A slave (D:7)
  A hell rat (D:11)
  An orc (D:7)
  A rat (D:11)
20 creatures vanquished.

Vanquished Creatures (others)
  Nikola (Spider:4)
  A wolf spider (Spider:4)
  3 redbacks (Spider:4)
  A slave (D:7)
  2 tarantellas (Spider:4)
  An orc warrior (D:7)
  2 ogres
  An orc priest (D:7)
  An orc wizard (Orc:1)
  An orc (D:15)
  2 bushes
  14 fungi
  10 plants
  4 withered plants (Orc:1)
44 creatures vanquished.

Grand Total: 1812 creatures vanquished

Notes
Turn   | Place    | Note
-------+----------+-------------------------------------------
     0 | D:1      | nightchill the Kobold Berserker began the quest for the
                  | Orb.
     0 | D:1      | Reached XP level 1. HP: 14/14 MP: 1/1
   233 | D:1      | Reached XP level 2. HP: 17/19 MP: 2/2
   648 | D:1      | Reached XP level 3. HP: 23/23 MP: 3/3
  1203 | D:2      | Reached skill level 5 in Short Blades
  1415 | D:2      | Reached ** piety under Trog
  1535 | D:2      | Reached XP level 4. HP: 28/29 MP: 4/4
  2036 | D:2      | Reached skill level 4 in Fighting
  2341 | D:3      | Noticed a centaur
  2347 | D:3      | Killed a centaur
  2347 | D:3      | Reached XP level 5. HP: 34/34 MP: 5/5
  2769 | D:3      | Reached XP level 6. HP: 39/39 MP: 6/6
  2956 | D:3      | Found a burning altar of Makhleb.
  4160 | D:4      | Reached XP level 7. HP: 44/44 MP: 7/7
  4269 | D:4      | Noticed Duvessa
  4328 | D:4      | Noticed Dowan
  4331 | D:4      | Killed Duvessa
  4331 | D:4      | Reached skill level 5 in Fighting
  4374 | D:4      | Killed Dowan
  4374 | D:4      | Reached skill level 5 in Dodging
  4618 | D:4      | Noticed Robin
  4640 | D:4      | Reached *** piety under Trog
  4765 | D:4      | Killed Robin
  5110 | D:5      | Entered Level 5 of the Dungeon
  5111 | D:5      | Noticed Sigmund
  5123 | D:5      | Killed Sigmund
  5123 | D:5      | Reached XP level 8. HP: 50/50 MP: 8/8
  5573 | D:5      | Found a sacrificial altar of Ru.
  5648 | D:5      | Noticed Ijyb
  5655 | D:5      | Killed Ijyb
  5807 | D:5      | Reached skill level 6 in Fighting
  5990 | D:5      | Noticed Edmund
  6002 | D:5      | Killed Edmund
  6002 | D:5      | Reached skill level 10 in Short Blades
  6229 | D:5      | Reached **** piety under Trog
  6531 | D:6      | Found Yceuvom's Jewellery Shoppe.
  6551 | D:6      | Reached XP level 9. HP: 53/56 MP: 9/9
  6710 | D:6      | Found Xeobuofono's Antique Weapon Boutique.
  6726 | D:6      | Bought a runed hand crossbow for 195 gold pieces
  6731 | D:6      | Found Acaa's Armour Boutique.
  6766 | D:6      | Reached skill level 7 in Fighting
  6995 | D:6      | Found Rocec's Distillery.
  7241 | D:6      | Found Arphoiwn's Food Emporium.
  7461 | D:7      | Reached ***** piety under Trog
  7506 | D:7      | Noticed Harold
  7506 | D:7      | Noticed Pikel
  7524 | D:7      | Killed Harold
  7552 | D:7      | Killed Pikel
  7552 | D:7      | Reached skill level 8 in Fighting
  7552 | D:7      | Reached XP level 10. HP: 52/64 MP: 1/10
  7888 | D:7      | Noticed Prince Ribbit
  8091 | D:7      | Found a staircase to the Ecumenical Temple.
  8092 | D:7      | Found Sufiepro's Magic Scroll Shoppe.
  8114 | Temple   | Entered the Ecumenical Temple
  8417 | D:7      | Found a runed translucent door.
  8418 | D:7      | Noticed Crazy Yiuf
  8427 | D:7      | Killed Crazy Yiuf
  8981 | D:7      | Killed Prince Ribbit
  9221 | D:8      | Noticed a two-headed ogre
  9236 | D:8      | Killed a two-headed ogre
  9433 | D:8      | Reached skill level 9 in Fighting
 10293 | D:8      | Reached skill level 1 in Crossbows
 10386 | D:8      | Found a blossoming altar of Fedhas.
 10388 | D:8      | Found a shadowy altar of Dithmenos.
 10388 | D:8      | Found a shimmering altar of Xom.
 10461 | D:8      | Reached XP level 11. HP: 70/71 MP: 11/11
 10475 | D:8      | Received a gift from Trog
 10965 | D:9      | Reached skill level 10 in Dodging
 11077 | D:9      | Noticed a two-headed ogre
 11101 | D:9      | Killed a two-headed ogre
 11101 | D:9      | Reached skill level 5 in Crossbows
 11101 | D:9      | Reached skill level 1 in Shields
 11314 | D:9      | Noticed a two-headed ogre
 11334 | D:9      | Killed a two-headed ogre
 11399 | D:9      | Found a sparkling altar of Nemelex Xobeh.
 11447 | D:9      | Found a blossoming altar of Fedhas.
 11599 | D:9      | Reached skill level 10 in Fighting
 11687 | D:10     | Entered Level 10 of the Dungeon
 11729 | D:9      | Noticed a two-headed ogre
 11744 | D:9      | Killed a two-headed ogre
 12406 | D:10     | Reached XP level 12. HP: 78/78 MP: 12/12
 12561 | D:10     | Killed an unseen horror
 13868 | D:11     | Found a staircase to the Lair.
 13868 | D:11     | Noticed a death yak
 13870 | D:11     | Noticed a death yak
 13870 | D:11     | Noticed a death yak
 13914 | D:11     | Killed a death yak
 13920 | D:11     | Killed a death yak
 13923 | D:11     | Killed a death yak
 13923 | D:11     | Reached skill level 11 in Fighting
 13923 | D:11     | Reached skill level 10 in Crossbows
 14251 | D:11     | Received a gift from Trog
 14383 | D:11     | Reached skill level 1 in Evocations
 14630 | Lair:1   | Entered Level 1 of the Lair of Beasts
 15041 | Lair:1   | Noticed Gastronok
 15245 | Lair:1   | Killed Gastronok
 15350 | Lair:1   | Found the +3 giant club "Skullcrusher" {speed, Str+7}
 15800 | Lair:1   | Reached XP level 13. HP: 85/85 MP: 16/16
 16113 | Lair:1   | Reached skill level 5 in Shields
 16537 | Lair:2   | Reached skill level 5 in Evocations
 16725 | Lair:2   | Reached skill level 12 in Fighting
 16877 | Lair:2   | Received a gift from Trog
 17266 | Lair:2   | Found the amulet of the Air {Inacc +Fly rElec EV+5 RMsl}
 18321 | Lair:3   | Noticed an eight-headed hydra
 18564 | Lair:3   | Noticed a seven-headed hydra
 18689 | Lair:3   | Killed a seven-headed hydra
 18891 | Lair:3   | Noticed a five-headed hydra
 19001 | Lair:3   | Killed a five-headed hydra
 19081 | Lair:3   | Received a gift from Trog
 19180 | Lair:3   | Killed an eight-headed hydra
 19336 | Lair:3   | Found a staircase to the Swamp.
 19470 | Lair:3   | Found a hole to the Spider Nest.
 19499 | Lair:3   | Reached skill level 13 in Fighting
 19618 | Lair:3   | Reached XP level 14. HP: 94/94 MP: 20/20
 20354 | Lair:4   | Received a gift from Trog
 21137 | Lair:5   | 1
 21644 | Lair:5   | Reached skill level 5 in Armour
 21859 | Lair:4   | Reached skill level 10 in Evocations
 21910 | Lair:5   | Received a gift from Trog
 22520 | Lair:6   | Entered Level 6 of the Lair of Beasts
 22738 | Lair:6   | Reached skill level 14 in Fighting
 23445 | Lair:6   | Received a gift from Trog
 23600 | Lair:6   | Found a runed translucent gate.
 23601 | Lair:6   | Found a runed translucent gate.
 23601 | Lair:6   | Found a runed translucent gate.
 23603 | Lair:6   | Noticed SatoMori's ghost (journeyman DsFi)
 24186 | Lair:6   | Reached XP level 15. HP: 101/101 MP: 23/23
 25184 | Lair:6   | Found a burning altar of Makhleb.
 26301 | Lair:6   | Reached skill level 15 in Fighting
 26318 | Lair:6   | Found a gateway to Hell.
 26491 | Lair:6   | Found a viscous altar of Jiyva.
 26498 | Lair:6   | Found a staircase to the Slime Pits.
 26959 | D:12     | Found a staircase to the Orcish Mines.
 27932 | D:12     | Received a gift from Trog
 28015 | Orc:1    | Entered Level 1 of the Orcish Mines
 28155 | Orc:1    | Found a runed translucent gate.
 28155 | Orc:1    | Found a runed translucent gate.
 28155 | Orc:1    | Found a runed translucent gate.
 28340 | Orc:1    | Noticed yogakurto's ghost (journeyman MiCK)
 28340 | Orc:1    | Noticed Riraiwk's ghost (journeyman TrHu)
 28340 | Orc:1    | Noticed Ciata's ghost (journeyman MiBe)
 28437 | Orc:2    | Entered Level 2 of the Orcish Mines
 28951 | Orc:2    | Found a staircase to the Elven Halls.
 29020 | Orc:2    | Received a gift from Trog
 29186 | Orc:2    | Reached XP level 16. HP: 109/109 MP: 25/25
 29470 | Orc:2    | Found Potocwer's Weapon Emporium.
 29474 | Orc:2    | Found Loamuk's Magic Scroll Boutique.
 29474 | Orc:2    | Found Isajacets's Antique Armour Emporium.
 29474 | Orc:2    | Found Xugalun's Antique Armour Shop.
 29874 | Orc:1    | Noticed Erolcha
 30006 | Orc:1    | Killed Erolcha
 30321 | Orc:2    | Bought a +3 rapier of holy wrath for 314 gold pieces
 30324 | Orc:2    | Bought a pair of translucent boots for 275 gold pieces
 30329 | Orc:2    | Identified the +0 pair of boots of Foddag {rF+} (You bought
                  | it in a shop on level 2 of the Orcish Mines)
 30331 | Orc:2    | Bought a scroll of identify for 22 gold pieces
 30331 | Orc:2    | Bought a scroll of identify for 22 gold pieces
 30331 | Orc:2    | Bought a scroll of magic mapping for 38 gold pieces
 30331 | Orc:2    | Bought a scroll of blinking for 82 gold pieces
 30515 | D:6      | Bought the ring "Piqoug" {+Blink rC- Str+7 Int+5 SInv} for
                  | 872 gold pieces
 30701 | Orc:2    | Bought a dazzling ring mail for 252 gold pieces
 30716 | Orc:2    | Identified the +2 ring mail of True Grit {+Fly rN+ rCorr
                  | Dex+2} (You bought it in a shop on level 2 of the Orcish
                  | Mines)
 31201 | D:13     | Reached skill level 16 in Fighting
 31307 | D:13     | Identified a scroll of acquirement
 31459 | D:13     | Received a gift from Trog
 31556 | D:13     | Got a twisted buckler
 31640 | D:13     | Found Reokeu Xive's Distillery.
 32014 | D:13     | Identified the +2 buckler of Responsibility {+Inv rPois
                  | Slay+3} (You found it on level 13 of the Dungeon)
 32291 | D:14     | Found a gate to the Vaults.
 32972 | D:14     | Noticed Azrael
 32991 | D:14     | Killed Azrael
 33295 | D:14     | Received a gift from Trog
 33515 | D:15     | Entered Level 15 of the Dungeon
 34571 | D:15     | Found a staircase to the Depths.
 34924 | Swamp:1  | Entered Level 1 of the Swamp
 35042 | Lair:3   | Received a gift from Trog
 35272 | Swamp:1  | Reached XP level 17. HP: 116/116 MP: 28/28
 35316 | Swamp:1  | Reached skill level 15 in Evocations
 36387 | Swamp:2  | Got a warped bronze ring
 36388 | Swamp:2  | Identified the ring "Cifytoic" {rPois rF- rC- Int+3 Dex+10}
                  | (You found it on level 2 of the Swamp)
 37493 | Swamp:2  | Received a gift from Trog
 37621 | Swamp:3  | Noticed a thorn hunter
 37630 | Swamp:3  | Killed a thorn hunter
 37630 | Swamp:3  | Reached skill level 17 in Fighting
 37662 | Swamp:3  | Reached skill level 1 in Long Blades
 37666 | Swamp:3  | Noticed a thorn hunter
 37676 | Swamp:3  | Killed a thorn hunter
 38124 | Swamp:3  | Received a gift from Trog
 38705 | Swamp:4  | Entered Level 4 of the Swamp
 39043 | Swamp:4  | Reached skill level 15 in Dodging
 39903 | Swamp:4  | Reached XP level 18. HP: 124/124 MP: 30/30
 40332 | Swamp:4  | Received a gift from Trog
 40576 | Swamp:4  | Got a decaying rune of Zot
 40777 | Spider:1 | Entered Level 1 of the Spider Nest
 40909 | Orc:2    | Bought a runed cloak for 217 gold pieces
 41193 | Spider:1 | Received a gift from Trog
 41392 | Spider:1 | Received a gift from Trog
 43081 | Spider:2 | Received a gift from Trog
 43173 | Spider:1 | Reached skill level 5 in Long Blades
 43332 | Spider:2 | Reached skill level 18 in Fighting
 43652 | Spider:2 | Identified the +8 hunting sling of the Whale {flame, MR++
                  | Int+2}
 43730 | Spider:2 | Received a gift from Trog
 44207 | Spider:3 | Reached ****** piety under Trog
 45060 | Spider:3 | Received a gift from Trog
 45558 | Spider:3 | Reached XP level 19. HP: 109/131 MP: 31/31
 45806 | Spider:4 | Entered Level 4 of the Spider Nest
 46188 | Spider:4 | Received a gift from Trog
 46401 | Spider:4 | Noticed Arachne
 46438 | Spider:4 | Killed Arachne
 47199 | Spider:4 | Noticed Nikola
 47264 | Spider:4 | Received a gift from Trog
 47294 | Spider:4 | Killed Nikola
 47777 | Spider:4 | Noticed Asterion
 47904 | Spider:4 | Noticed Asterion
 47904 | Spider:4 | Asterion changed into Asterion the azure jelly
 47914 | Spider:4 | Killed Asterion the azure jelly
 48019 | Spider:4 | Received a gift from Trog
 48467 | Spider:4 | Got a gossamer rune of Zot
 48919 | D:7      | Bought a scroll of teleportation for 42 gold pieces
 48919 | D:7      | Bought a scroll of brand weapon for 280 gold pieces
 49447 | Elf:1    | Entered Level 1 of the Elven Halls
 49849 | Elf:1    | Received a gift from Trog
 50628 | Elf:2    | Reached skill level 19 in Fighting
 51171 | Elf:2    | Reached XP level 20. HP: 90/139 MP: 32/32
 51302 | Elf:2    | Found Yludog's Book Shoppe.
 51521 | Elf:3    | Entered Level 3 of the Elven Halls
 51584 | Elf:2    | Found a runed translucent gate.
 51585 | Elf:2    | Found a runed translucent gate.
 51588 | Elf:2    | Found a runed translucent gate.
 51750 | Vaults:1 | Entered Level 1 of the Vaults
 51755 | Vaults:1 | Received a gift from Trog
 51800 | Vaults:1 | Noticed a Hell Sentinel
 53915 | Vaults:1 | Found Vurhuil's Weapon Shop.
 54179 | Vaults:1 | Received a gift from Trog
 54692 | Vaults:2 | Noticed Mennas
 55197 | Vaults:2 | Noticed a Brimstone Fiend
 55708 | Vaults:1 | Noticed a Hell Sentinel
 55992 | Vaults:2 | Found Buluewkany's Food Shop.
 56437 | Vaults:2 | Killed Mennas
 56439 | Vaults:2 | Noticed Aizul
 56455 | Vaults:2 | Killed Aizul
 56484 | Vaults:2 | Found a runed translucent door.
 56484 | Vaults:2 | Noticed Zucefay's ghost (adept GrHu)
 56557 | Vaults:2 | Reached XP level 21. HP: 125/145 MP: 33/33
 56568 | Vaults:2 | Received a gift from Trog
 56689 | Vaults:2 | Reached skill level 20 in Fighting
 56793 | Vaults:2 | Found Zuoll's Magic Scroll Boutique.
 56818 | Vaults:2 | Bought a scroll of blinking for 120 gold pieces
 57428 | Vaults:2 | Reached skill level 10 in Long Blades
 57434 | Vaults:2 | Received a gift from Trog
 58280 | Vaults:3 | Received a gift from Trog
 58452 | Vaults:3 | Noticed a bone dragon
 58472 | Vaults:3 | Killed a bone dragon
 58560 | Vaults:3 | Found a staircase to the Crypt.
 60042 | Vaults:4 | Reached skill level 10 in Armour
 60396 | Vaults:4 | Reached XP level 22. HP: 141/153 MP: 35/35
 61021 | Vaults:4 | Received a gift from Trog
 62325 | Vaults:4 | Reached skill level 21 in Fighting
 62515 | Vaults:4 | Received a gift from Trog
 63332 | Depths:1 | Entered Level 1 of the Depths
 63628 | Depths:1 | Noticed a golden dragon
 64312 | D:15     | Killed a golden dragon
 65134 | Depths:1 | Received a gift from Trog
 65462 | Depths:1 | Reached XP level 23. HP: 149/160 MP: 36/36
 67016 | Depths:1 | Received a gift from Trog
 67848 | Depths:2 | Found a one-way gate to the infinite horrors of the Abyss.
 68507 | Depths:2 | Received a gift from Trog
 69610 | Depths:2 | Paralysed by a floating eye for 3 turns
 69621 | Depths:2 | Received a gift from Trog
 69621 | Depths:2 | Reached skill level 22 in Fighting
 69779 | Depths:2 | Noticed a juggernaut
 69792 | Depths:2 | Killed a juggernaut
 69792 | Depths:2 | Reached XP level 24. HP: 168/168 MP: 36/36
 69859 | Depths:2 | Noticed a golden dragon
 69885 | Depths:2 | Killed a golden dragon
 70806 | Depths:2 | Found Luesajur's Weapon Emporium.
 71051 | Depths:2 | Received a gift from Trog
 71473 | Depths:2 | Noticed a juggernaut
 71572 | Depths:2 | Killed a juggernaut
 71579 | Depths:2 | Received a gift from Trog
 71901 | Depths:2 | Identified Saepor's Volume of Air and Execration
 72289 | Depths:3 | Found Xoxor's Changing Room.
 72341 | Depths:3 | Noticed the Enchantress
 72865 | Depths:2 | Killed the Enchantress
 73328 | Depths:3 | Received a gift from Trog
 73896 | Depths:3 | Found a shadowy altar of Dithmenos.
 73897 | Depths:3 | Found the +2 cloak of the Thief {+Fog Slay-2 SInv Stlth+}
 74259 | Depths:3 | HP: 2/170 [yaktaur captain/bolt (32)]
 74272 | Depths:3 | HP: 5/170 [lich/crystal spear (66)]
 74273 | Depths:3 | Killed from afar by a lich

Levels and vault maps discovered:
D:1:      psy_arrival_basics, layout_loops_ring
D:2:      layout_loops_cross
D:3:      layout_loops_corners, nicolae_overflow_crystal_walls, serial_glass,
          glass_columns_c, glass_columns_a, hangedman_decor_push,
          kennysheep_cross_bottleneck
D:4:      layout_cave_pools, first_ration, uniq_duvessa, uniq_robin
D:5:      layout_loops_ring, nicolae_ru_the_path_less_chosen, uniq_sigmund,
          uniq_ijyb, uniq_edmund
D:6:      minmay_angry_zag, layout_rooms, serial_shops, kennysheep_mini_moat,
          nicolae_shop_behind_doors, shop, nicolae_shop_statue_plus,
          shop_fountains
D:7:      layout_basic, minmay_temple_entry_offerings, serial_shops, shop,
          uniq_harold, uniq_crazy_yiuf_cottage, uniq_pikel, uniq_prince_ribbit1
D:8:      layout_loops_corners, minitemple, blue_anna_alchemist
          [blue_anna_fruit_fields, blue_anna_fruit_fields],
          kb_lookout_dungeons_type
D:9:      layout_rooms, lemuel_coloured_pillars_altar, basic_altar
D:10:     layout_loops_corners, minivault_8
D:11:     layout_loops_ring, dpeg_lair_monsters
D:12:     layout_irregular_city, orc_0_dummy
D:13:     layout_roguey, serial_shops, shop, serial_ice, serial_ice_d,
          serial_ice_c, serial_ice_h, serial_ice_o, minmay_tree_intersection,
          roderic_lattice_a, hex_intersection
D:14:     layout_roguey, erik_vaults_1, hangedman_abyss_or_decor_stabs,
          serial_bayou, serial_bayou_pond_a, serial_bayou_pond_e,
          serial_bayou_pond_e, serial_bayou_lake_a, kennysheep_four_rooms,
          uniq_azrael
D:15:     grunt_enter_depths_snipers, layout_cross, minmay_misc_feat_doors,
          nrook_uturn
Temple:   minmay_crystal_spiral_temple
Lair:1:   kb_forest_paths, layout_regular_city, worms_lemuel, uniq_gastronok
Lair:2:   layout_cave_pods, special_room [special_room_bee], grunt_megastairs_2
Lair:3:   layout_long_grid, minmay_swamp_entry_swarm,
          spider_nest_entry_funnel_web
Lair:4:   layout_hall_layers, beast_lair_carwin_6
Lair:5:   layout_regular_city
Lair:6:   evil_forest, layout_regular_city, dpeg_slime_entry_enclosed_altar,
          ebering_ghost_rock_garden, lemuel_fruit_fields, serial_bayou_shore_b
Swamp:1:  layout_basic_swamp, evilmike_swamp_ruin_house_2
Swamp:2:  layout_falls_marsh, evilmike_swamp_ruin_house_3
Swamp:3:  layout_basic_swamp, evilmike_swamp_ruin_house_5
Swamp:4:  swamp_icy, layout_basic_swamp, swamp_pool4
Spider:1: layout_spider_delve
Spider:2: layout_spider_delve, zaba_anthell
Spider:3: layout_spider_delve
Spider:4: spider_rune_water, uniq_asterion, uniq_arachne, uniq_nikola
Orc:1:    layout_caves, gammafunk_ghost_cemetery, uniq_erolcha
Orc:2:    st_orc_ogre_mass, layout_diamond_mine
Elf:1:    minmay_elf_arrival_plus, layout_geoelf_diagonals,
          minmay_elf_crystal_heptagon
Elf:2:    layout_gridlike, serial_shops, shop
Elf:3:    grunt_elf_hall_branching, layout_gridlike
Vaults:1: hangedman_vaults_stitches, ontoclasm_vaults_decontamination, v_misc_9,
          nicolae_vaults_asterisk, v_misc_10, ontoclasm_vaults_gallery,
          vaults_room_door_ring, nicolae_vaults_big_ls,
          nicolae_vaults_yaktaur_gun_rack, vaults_room_door_hall,
          nicolae_vaults_shelves_hall, hangedman_vaults_stretched_pinwheel,
          nicolae_vaults_little_ls, layout_vaults_ring, serial_shops, shop
Vaults:2: gammafunk_vaults_ghost_grave, ontoclasm_vaults_eye,
          vaults_mumra_minichess, v_misc_22, vaults_room_door_hall,
          ontoclasm_vaults_gateway, nicolae_vaults_angled_halls,
          grunt_vaults_twisty, layout_vaults_omnigrid, serial_shops, shop,
          shop_fountains, uniq_mennas, uniq_aizul
Vaults:3: minmay_crypt_entry_nasty_monster, hangedman_vaults_impose,
          nicolae_vaults_bisected_inception, v_misc_12, vaults_mumra_chevron,
          nicolae_vaults_back_hallway, nicolae_vaults_windows_and_doors_thing,
          nicolae_vaults_display_case, v_alt_pattern_2,
          vaults_mumra_chevron_long, nicolae_vaults_network_square,
          layout_vaults_omnibox
Vaults:4: nicolae_vaults_little_squares_5, vaults_standard_mumra_x,
          hangedman_vaults_stretched_pinwheel, hangedman_vaults_river_flow,
          ontoclasm_vaults_chip, v_rooms_4, serial_ice_m,
          nicolae_vaults_diagonal_hallway_6, nicolae_vaults_little_squares_1,
          v_misc_22, v_misc_13, layout_vaults_big_cross
Depths:1: layout_roguey, hell_entry, hangedman_decor_clover_reticule,
          minmay_evil_grid, grunt_megastairs_1
Depths:2: grunt_twisty_corner, layout_basic, minmay_room_of_horrors,
          serial_shops, nicolae_shop_trees, hell_entry, minmay_misc_feat_iff,
          serial_bayou_shore_b
Depths:3: regret_index_dithmenos_brocken_genspenst, layout_small_grid,
          serial_shops, shop_fountains, rand_demon_pan_entry_4, pf_coc_iceberg,
          nicolae_transmutations_shop, minmay_staircase_windowed_large,
          uniq_enchantress

Skill      XL: |  1  2  3  4  5  6  7  8  9 10 11 12 13 14 15 16 17 18 19 20 21 22 23 24 |
---------------+-------------------------------------------------------------------------+-----
Dodging        | 3 4 5 6 8 9 10 11 12 13 14 15 16 17 18 19 | 19.3
Short Blades   | 5 6 7 8 10 12 14 | 14.0
Fighting       | 4 5 6 8 9 10 11 13 14 15 16 17 18 19 20 21 22 | 22.9
Crossbows      | 2 8 10 | 10.1
Shields        | 3 4 5 6 7 |  7.1
Evocations     | 4 8 11 13 14 16 17 18 19 20 | 20.0
Armour         | 2 4 5 6 7 8 9 10 11 12 | 12.0
Long Blades    | 3 6 8 9 10 12 | 12.9

Action                   |  1- 3 |  4- 6 |  7- 9 | 10-12 | 13-15 | 16-18 | 19-21 | 22-24 || total
-------------------------+-------+-------+-------+-------+-------+-------+-------+-------++-------
Melee: Short sword       |   122 |   192 |    39 |       |       |       |       |       ||   353
       Rapier            |       |       |   470 |  1007 |  2209 |  1568 |  1192 |   232 ||  6678
       Demon blade       |       |       |       |       |       |    45 |   207 |   669 ||   921
       Eudemon blade     |       |       |       |       |       |       |    27 |   160 ||   187
 Fire: Hand crossbow     |       |       |       |    17 |   166 |   754 |   466 |   377 ||  1780
Throw: Dart              |       |       |       |     2 |     5 |     4 |       |     4 ||    15
       Stone             |       |       |       |     1 |       |       |       |       ||     1
Invok: Berserk           |     1 |    10 |     9 |    18 |    26 |    20 |     7 |     7 ||    98
       Trog's Hand       |       |       |     2 |     1 |     8 |     7 |    10 |    17 ||    45
       Brothers in Arms  |       |       |     1 |     1 |     1 |     3 |     7 |     1 ||    14
 Abil: Evoke Invisibilit |       |       |       |       |       |     1 |       |     7 ||     8
       Evoke Blink       |       |       |       |       |       |       |     1 |     2 ||     3
Evoke: Wand              |       |       |       |       |    17 |     5 |     8 |     1 ||    31
       Lightning rod     |       |       |       |       |       |       |     3 |     4 ||     7
  Use: Scroll            |       |       |     7 |     9 |    11 |    19 |    18 |     6 ||    70
       Potion            |       |       |     2 |       |       |     4 |     4 |    12 ||    22
 Stab: Sleeping          |     1 |       |       |       |       |       |       |       ||     1
       Invisible         |       |       |       |       |       |     2 |       |    21 ||    23
       Distracted        |       |       |       |       |       |     1 |       |       ||     1
       Paralysed         |       |       |       |       |       |       |     2 |       ||     2
  Eat: Chunk             |    11 |    17 |    20 |    51 |    71 |    78 |    61 |    50 ||   359
Armor: Animal skin       |     6 |       |       |       |       |       |       |       ||     6
       Scale mail        |    35 |    49 |   104 |   218 |   462 |   355 |   285 |    17 ||  1525
       Storm dragon scal |       |       |       |       |       |       |       |   210 ||   210
Dodge: Dodged            |   105 |   153 |   284 |   456 |  1384 |  1241 |   972 |   738 ||  5333
Block: Buckler           |       |       |       |   120 |   391 |   593 |   441 |   318 ||  1863
       Shield            |       |       |       |       |   248 |    87 |       |       ||   335
       Rpst.: Demon blade |       |       |       |       |       |    20 |    22 |    79 ||   121
       Eudemon blade     |       |       |       |       |       |       |     2 |    20 ||    22
